 Dungeon Crawl Stone Soup version 0.31-a0-1002-g8e65716e6e (webtiles) character file.

Game seed: 18335253794165191077

258664 Colgate the Metamorph (level 19, -4/273 HPs)
             Began as a Troll Shapeshifter on Nov 9, 2023.
             Was a High Priest of Okawaru.
             Slain by a vault sentinel
             ... wielding a +0 morningstar
              (5 damage)
             ... on level 1 of the Vaults on Nov 10, 2023.
             The game lasted 04:04:48 (48787 turns).

Colgate the Metamorph (Troll Shapeshifter)         Turns: 48787, Time: 04:04:48

Health: -4/273     AC: 22    Str: 43    XL:     19   Next: 13%
Magic:  0/26       EV: 10    Int:  6    God:    Okawaru [*****.]
Gold:   971        SH:  0    Dex:  9    Spells: 18/18 levels left

rFire   + +          .
                       - Unarmed
rCold   x . .        (shield currently unavailable)
rNeg    . . .        (body armour currently unavailable)
rPois   +            (helmet currently unavailable)
rElec   .            (cloak currently unavailable)
rCorr   .            (gloves unavailable)
SInv    .            (boots unavailable)
Will    ++...        f - amulet of guardian spirit
Stlth   ++           c - ring of the Philosopher {Will+ Dex+4 Slay+3}
HPRegen 1.45/turn    J - ring of the Tortoise {AC+8}
MPRegen 0.20/turn

%: guardian spirit
@: short of breath, dragon-form, flying, studying 2 skills
A: dragon claw, dragon scales, breathe fire, flying, boosted hp, giant,
unfitting armour, (claws 3), regeneration 1, (shaggy fur 1), (tough skin 1),
clumsy 2, no potion heal 1
}: 2/15 runes: barnacled, gossamer
a: Breathe Fire, Begin Untransformation, Renounce Religion, Heroism, Finesse,
Duel


You were on level 1 of the Vaults.
You worshipped Okawaru.
Okawaru was extremely pleased with you.
You were a fearsome dragon!
You visited 7 branches of the dungeon, and saw 32 of its levels.
You also visited: Ossuary, Gauntlet, Ice Cave, Volcano and Wizlab.

You collected 3234 gold pieces.
You spent 2263 gold pieces at shops.

Inventory:

Armour
 r - the +5 moon troll leather armour {Spirit, Regen++ MP+5}
   (You took it off a moon troll in a wizard's laboratory)

   MP+5:      It affects your magic capacity (+5).
   Regen++:   It increases your rate of health regeneration.
 u - a scarf of invisibility
Jewellery
 c - the ring of the Philosopher (left foreclaw) {Will+ Dex+4 Slay+3}
   (You found it in a Gauntlet)

   [ring of willpower]

   Dex+4:     It affects your dexterity (+4).
   Slay+3:    It affects your accuracy & damage with ranged weapons and melee
   (+3).
   Will+:     It increases your willpower.
 f - an amulet of guardian spirit (around neck)
 l - the ring of Neosm {Drain rElec rCorr Str+6 Dex-3}
   (You found it in a wizard's laboratory)

   [ring of strength]

   Str+6:     It affects your strength (+6).
   Dex-3:     It affects your dexterity (-3).
   rElec:     It insulates you from electricity.
   rCorr:     It protects you from acid and corrosion.
   Drain:     It drains your maximum health when unequipped.
 n - a ring of ice
 J - the ring of the Tortoise (right foreclaw) {AC+8}
   (You bought it in a shop on level 1 of the Shoals)

   [ring of protection]

   AC+8:      It affects your AC (+8).
 N - an amulet of magic regeneration
 O - a ring of positive energy
 P - a ring of wizardry
 Q - a ring of willpower
 W - a ring of protection from cold
Wands
 o - a wand of flame (49)
 z - a wand of digging (11) {@v3}
 B - a wand of paralysis (43)
 F - a wand of polymorph (17)
 H - a wand of mindburst (8)
 M - a wand of iceblast (14) {@v2}
 S - a wand of quicksilver (6) {@v1}
Scrolls
 a - 4 scrolls of brand weapon
 d - 3 scrolls of enchant weapon
 e - 9 scrolls of fog
 j - 2 scrolls of silence
 k - 8 scrolls of fear
 s - 6 scrolls of blinking {@r4}
 t - 3 scrolls of poison
 v - 16 scrolls of teleportation {@r3}
 y - 6 scrolls of immolation
 A - 2 scrolls of enchant armour
 C - 4 scrolls of noise
 E - 7 scrolls of identify {@r1}
 G - 2 scrolls of torment
 I - 4 scrolls of revelation
 T - a scroll of amnesia
 U - 2 scrolls of vulnerability
Potions
 b - 10 potions of ambrosia
 g - 14 potions of heal wounds {@q2}
 h - 12 potions of mutation
 i - a potion of cancellation
 m - 7 potions of might {@q3}
 p - 15 potions of curing {@q1}
 w - 4 potions of magic
 x - a potion of invisibility
 D - a potion of berserk rage
 K - 3 potions of brilliance
 L - 4 potions of haste {@q4}
 V - 4 potions of attraction
 X - 7 potions of enlightenment
 Y - 7 potions of lignification
Miscellaneous
 q - a condenser vane (inert)
 R - a lightning rod (4/4)


   Skills:
 - Level 9.6 Fighting
 - Level 11.2 Dodging
 - Level 2.0 Stealth
 - Level 19.0 Unarmed Combat
 + Level 11.3 Invocations
 - Level 3.0 Evocations
 - Level 20.0 Shapeshifting


You had 18 spell levels left.
You didn't know any spells.
Your spell library contained the following spells:

 Spells                   Type           Power      Damage    Failure   Level
 Kiss of Death            Conj/Necr      0%         2d5       45%         1
 Magic Dart               Conj           0%         1d3       45%         1
 Shock                    Conj/Air       0%         1d3       45%         1
 Blink                    Tloc           0%         N/A       58%         2
 Cigotuvi's Dreadful Rot  Necr/Pois/Air  0%         N/A       58%         2
 Poisonous Vapours        Pois/Air       0%         N/A       58%         2
 Searing Ray              Conj           0%         2d4       58%         2
 Sublimation of Blood     Necr           0%         N/A       58%         2
 Confusing Touch          Hex            0%         N/A       83%         3
 Dazzling Flash           Conj/Hex       0%         N/A       83%         3
 Gell's Gravitas          Tloc           0%         N/A       83%         3
 Ignite Poison            Fire/Tmut/Pois 0%         N/A       83%         3
 Mephitic Cloud           Conj/Pois/Air  0%         N/A       83%         3
 Stone Arrow              Conj/Erth      0%         3d7       83%         3
 Swiftness                Air            0%         N/A       83%         3
 Airstrike                Air            0%         2d(0-16)  99%         4
 Dimensional Bullseye     Hex/Tloc       0%         N/A       99%         4
 Dispel Undead            Necr           0%         3d6       99%         4
 Fulminant Prism          Conj/Hex       0%         3d5       99%         4
 Iskenderun's Mystic Bla  Conj/Tloc      0%         2d3       99%         4
 Leda's Liquefaction      Hex/Erth       0%         N/A       99%         4
 Manifold Assault         Tloc           0%         N/A       99%         4
 Petrify                  Tmut/Erth      0%         N/A       99%         4
 Agony                    Necr           0%         N/A       100%        5
 Freezing Cloud           Conj/Ice/Air   0%         6-21      100%        5
 Irradiate                Conj/Tmut      0%         3d11      100%        5
 Lee's Rapid Deconstruct  Erth           0%         3d4*      100%        5
 Silence                  Hex/Air        0%         N/A       100%        5
 Bombard                  Conj/Erth      0%         9d1       100%        6
 Ozocubu's Refrigeration  Ice            0%         4d7       100%        7
 Disjunction              Tloc           0%         N/A       100%        8
 Lehudib's Crystal Spear  Conj/Erth      0%         10d2      100%        8
 Polar Vortex             Ice            0%         N/A       100%        9
 Animate Armour           Summ/Erth      Unusable   N/A       N/A         4
 Summon Lightning Spire   Summ/Air       Unusable   N/A       N/A         4
 Simulacrum               Ice/Necr       Unusable   N/A       N/A         6

Dungeon Overview and Level Annotations

Branches:
Dungeon (15/15)            Temple (1/1) D:4            Lair (5/5) D:9
 Shoals (4/4) Lair:2       Spider (4/4) Lair:2        Slime (0/5) Lair:5
    Orc (2/2) D:11            Elf (0/3) Orc:2        Vaults (1/5) D:14
 Depths (0/4) D:15        Ossuary (visited)           IceCv (visited)
Volcano (visited)          WizLab (visited)         Gauntlet (visited)

Altars:
Ashenzari
Cheibriados
Dithmenos
Elyvilon
Fedhas
Gozag
Hepliaklqana
Kikubaaqudgha
Makhleb
Nemelex Xobeh
Okawaru
Qazlal
Ru
Sif Muna
Trog
Uskayaw
Vehumet
Wu Jian
Xom
Yredelemnul
Zin
The Shining One
Jiyva

Shops:
D:5 [   Orc:1 [   Orc:2 [?[   Shoals:1 =   Shoals:2 ![   Vaults:1 [

Annotations:
D:3 FIV alttari
D:15 3 runed translucent doors, hitsuchi's ghost, adept AtBe


Innate Abilities, Weirdness & Mutations

You are a fearsome dragon!
You have a powerful clawing attack.
Your giant scaled body is strong and resilient, but less evasive.
You can breathe fire.
You are flying.
Your maximum health is greatly increased.
Your armour is entirely melded.
You are incapable of wielding weapons or throwing items.
You are too large for most types of armour.
((You have claws for hands.))
Your natural rate of healing is unusually fast.
((You are covered in fur. (AC +1)))
((You have tough skin. (AC +1)))
You are very clumsy. (Dex -4)
Potions are less effective at restoring your health.


Message History

An ironbound preserver opens the door.
Electricity crackles from the ironbound thunderhulk's apparatus.
The bolt of lightning hits you!!
The ironbound thunderhulk is engulfed in noxious fumes.
You closely miss the vault sentinel.
Your tail-slap misses the vault sentinel.
You bite the vault sentinel.
The ironbound preserver is engulfed in poison gas.
The ironbound preserver looks even sicker.
Electricity crackles from the ironbound thunderhulk's apparatus.
The bolt of lightning hits you!!
* * * LOW HITPOINT WARNING * * *
Strange energies crackle from the ironbound thunderhulk's apparatus.
The ironbound thunderhulk blinks!
You hit the ironbound preserver. You tail-slap the ironbound preserver.
The vault sentinel is engulfed in poison gas.
The vault sentinel is poisoned.
You kill the vault sentinel!
Okawaru accepts your kill.
Electricity crackles from the ironbound thunderhulk's apparatus.
The bolt of lightning hits you!!!
* * * LOW HITPOINT WARNING * * *
The vault sentinel blows a loud note on a signal horn!
Electricity crackles from the ironbound thunderhulk's apparatus.
The bolt of lightning hits you!
* * * LOW HITPOINT WARNING * * *
You bite the ironbound preserver!!
You maul the ironbound preserver!!!!
You kill the ironbound preserver!
Okawaru accepts your kill.
A deep troll comes into view.
Strange energies crackle from the ironbound thunderhulk's apparatus.
The ironbound thunderhulk blinks!
You hit the vault sentinel.
The deep troll is engulfed in noxious fumes.
Electricity crackles from the ironbound thunderhulk's apparatus.
The bolt of lightning hits you!!
* * * LOW HITPOINT WARNING * * *
The vault sentinel hits you with a +0 morningstar.
You die...

.....+,,,,,,* *******
####.#,,***** ≈≈≈#.#,,*
********* ...#.#***
*,,,,*,,#
##.#.##########*>,,,*,§#
.#.#.#........####*'#O.#
.#.#.'........#..#,§...#
.#.#.#........'..#T§§..#
.#.#.#........#.DpcO.§.#
.#.#.#........#.[#†°..§#
§#...#.......[#..#*#####
##..##........####
...############ #### **
,* **


You could see 2 ironbound thunderhulks, a yaktaur captain, a deep troll and a
vault sentinel (catching breath).

Vanquished Creatures
  Mara (Spider:3)
  Bai Suzhen (Shoals:4)
  Arachne (Spider:3)
  Jorgrun (D:12)
  Mlioglotl (Arena)
  A moon troll (WizLab)
  Asterion (Spider:3)
  Polyphemus (Shoals:3)
  Frances (Shoals:1)
  6 tentacled starspawn (WizLab)
  Roxanne (Shoals:3)
  Donald (Shoals:4)
  Aizul (Spider:3)
  5 emperor scorpions (Spider:4)
  Ilsuiw (Shoals:3)
  Louise (Spider:3)
  4 ghost moths
  An ironbound preserver (Vaults:1)
  4 broodmothers
  A cacodemon (WizLab)
  A war gargoyle (WizLab)
  6 stone giants (WizLab)
  Nessos (Arena)
  A minotaur (Gauntlet)
  A crystal guardian (WizLab)
  5 merfolk impalers
  7 entropy weavers
  A fire dragon (D:13)
  An entropy weaver (shapeshifter) (D:15)
  Josephine (Shoals:1)
  4 great orbs of eyes (WizLab)
  3 hydras
  3 alligators
  Erica (D:9)
  3 jorogumos
  6 merfolk avatars
  A radroach (Spider:2)
  16 boulder beetles
  5 centaur warriors
  An ironbound frostheart (Vaults:1)
  4 catoblepae
  4 merfolk aquamancers
  4 two-headed ogres
  2 death scarabs (Gauntlet)
  2 death yaks (Shoals:3)
  4 satyrs
  A deep troll earth mage (D:15)
  9 demonic crawlers
  2 orc high priests (Orc:1)
  A tengu warrior (D:12)
  Urug (D:13)
  A spectral death yak (Gauntlet)
  The ghost of pzskc383 the Cleaver, a novice GrFi of Okawaru (D:7)
  A hell knight (Volcano)
  2 wretched stars (WizLab)
  A salamander mystic (Volcano)
  13 sea snakes
  6 skysharks
  2 goliath frogs (Shoals:3)
  9 orb spiders
  A flayed ghost (D:13)
  5 glowing orange brains (WizLab)
  An obsidian statue (Arena)
  2 sun moths (Spider:3)
  6 pharaoh ants
  An orange crystal statue (Arena)
  Pikel (D:8)
  A spectral hydra (Gauntlet)
  A phantasmal warrior (D:13)
  5 deep elf pyromancers
  19 harpies
  6 orc knights
  12 steelbarb worms
  2 orc sorcerers (Orc:1)
  20 wolf spiders
  11 fauns
  An ugly thing (IceCv)
  3 salamanders (Volcano)
  3 moths of wrath
  10 cyclopes
  16 manticores
  A moth of wrath (shapeshifter) (D:13)
  6 elephants (Lair:3)
  7 black mambas
  10 merfolk sirens
  2 ice statues (IceCv)
  3 water nymphs
  A guardian serpent (Lair:5)
  2 molten gargoyles (Volcano)
  15 cane toads
  5 torpor snails
  A vault sentinel (Vaults:1)
  7 eyes of devastation (WizLab)
  6 gargoyles
  A yaktaur (D:13)
  9 komodo dragons
  An unseen horror (D:11)
  Jeremiah (D:8)
  Maggie (D:9)
  6 rime drakes
  2 freezing wraiths
  2 efreet (D:13)
  A kobold demonologist (D:8)
  An anaconda simulacrum (IceCv)
  A tengu conjurer (D:14)
  7 meliai
  21 merfolk
  9 polar bears (Lair:5)
  9 wind drakes
  13 tarantellas
  A queen bee (D:10)
  2 hornets
  8 trolls
  A hornet (shapeshifter) (D:15)
  4 raiju (Lair:5)
  11 blink frogs
  9 snapping turtles
  4 dream sheep
  17 culicivoras
  25 jumping spiders
  Sigmund (D:2)
  10 slime creatures
  6 wraiths
  11 wyverns
  A shadow (D:11)
  27 starcursed masses (WizLab)
  14 water elementals
  4 basilisks
  2 fire bats (Lair:3)
  55 yaks
  8 golden eyes (WizLab)
  A steam dragon (D:8)
  2 basilisks (shapeshifter)
  16 humans (D:13)
  37 redbacks
  15 vampire mosquitoes
  A neqoxec (WizLab)
  7 wargs
  24 water moccasins
  2 acid dragons
  13 hell hounds (Lair:5)
  2 ice beasts (D:6)
  35 orc warriors
  2 sky beasts
  15 black bears
  5 ogres
  49 wolves
  15 centaurs
  2 lemures (D:8)
  3 phantoms (D:5)
  3 kobold brigands
  14 bullfrogs
  3 scorpions
  2 gnoll sergeants
  2 cane toad simulacra (IceCv)
  3 wights (D:7)
  An elephant simulacrum (IceCv)
  41 killer bees
  4 howler monkeys
  An electric eel (Lair:1)
  4 centaur zombies (Ossuary)
  16 orc priests
  2 gnoll boudas
  A hound (D:6)
  3 jellies
  4 sleepcaps
  Crazy Yiuf (D:3)
  Natasha (thrice) (D:3)
  24 orc wizards
  2 wolf simulacra (IceCv)
  3 mummies (Ossuary)
  16 gnolls
  2 adders (D:4)
  A shadow imp (D:6)
  A white imp (D:5)
  A worm (D:3)
  2 dart slugs
  79 orcs
  7 ball pythons
  5 bats
  9 endoplasms
  8 giant cockroaches
  8 goblins
  6 hobgoblins
  4 quokkas
  A frilled lizard (D:1)
  4 hobgoblin zombies (Ossuary)
  26 kobolds
  7 rats
  A spectral orc (D:7)
  A starspawn tentacle (WizLab)
1244 creatures vanquished.

Vanquished Creatures (others)
  9 starspawn tentacles (WizLab)
9 creatures vanquished.

Grand Total: 1253 creatures vanquished

Notes
Turn   | Place    | Note
-------+----------+-------------------------------------------
     0 | D:1      | Colgate the Troll Shapeshifter began the quest for the Orb.
     0 | D:1      | Reached XP level 1. HP: 18/18 MP: 0/0
   131 | D:1      | Reached XP level 2. HP: 26/26 MP: 1/1
   393 | D:1      | Reached XP level 3. HP: 32/32 MP: 2/2
   465 | D:2      | Found a blossoming altar of Fedhas.
   559 | D:2      | Noticed Sigmund
   562 | D:2      | Killed Sigmund
   563 | D:2      | Reached XP level 4. HP: 36/40 MP: 3/3
   563 | D:2      | Reached XP level 5. HP: 41/46 MP: 4/4
   760 | D:2      | Identified the +10 spear of Risk Management {freeze, Will+}
  1017 | D:2      | Reached XP level 6. HP: 54/54 MP: 5/5
  1305 | D:3      | Noticed Natasha
  1311 | D:3      | Killed Natasha
  1317 | D:3      | Found a stormy altar of Qazlal.
  1319 | D:3      | Noticed a fire elemental
  1320 | D:3      | Noticed an air elemental
  1320 | D:3      | Noticed a water elemental
  1355 | D:3      | Found an iron altar of Okawaru.
  1409 | D:3      | Noticed Natasha
  1416 | D:3      | Killed Natasha
  1514 | D:3      | Noticed Natasha
  1523 | D:3      | Killed Natasha
  1636 | D:3      | Found a runed translucent door.
  1637 | D:3      | Noticed Crazy Yiuf
  1781 | D:3      | Found a faded altar of an unknown god.
  2036 | D:3      | Became a worshipper of Warmaster Okawaru
  2099 | D:3      | Killed Crazy Yiuf
  2200 | D:4      | Found a sand-covered staircase.
  2244 | Ossuary  | Entered an ossuary
  2297 | Ossuary  | Reached XP level 7. HP: 61/61 MP: 6/6
  2548 | D:4      | Reached * piety under Okawaru
  2579 | D:4      | Found a staircase to the Ecumenical Temple.
  2588 | Temple   | Entered the Ecumenical Temple
  2767 | D:4      | Found a blossoming altar of Fedhas.
  3121 | D:4      | Reached skill level 1 in Fighting
  3536 | D:5      | Entered Level 5 of the Dungeon
  3541 | D:5      | Reached skill level 1 in Invocations
  3632 | D:5      | Reached XP level 8. HP: 40/72 MP: 8/8
  3813 | D:5      | Reached skill level 10 in Unarmed Combat
  3892 | D:5      | Reached skill level 1 in Evocations
  3898 | D:5      | Found a glowing golden altar of the Shining One.
  4017 | D:5      | Found Orug's Antique Armour Emporium.
  4046 | D:5      | Found a bloodstained altar of Trog.
  4480 | D:6      | Reached ** piety under Okawaru
  4481 | D:6      | Reached skill level 4 in Shapeshifting
  4662 | D:6      | Reached skill level 5 in Shapeshifting
  4919 | D:6      | Reached skill level 6 in Shapeshifting
  4919 | D:6      | Reached XP level 9. HP: 74/79 MP: 9/9
  5013 | D:5      | Bought a glowing cloak for 180 gold pieces
  5191 | D:7      | Gained mutation: You have hidden genetic defects. [potion
                  | of mutation]
  5191 | D:7      | Lost mutation: You have hidden genetic defects. [potion of
                  | mutation]
  5212 | D:7      | Reached skill level 7 in Shapeshifting
  5301 | D:7      | Found a broken altar of Ashenzari.
  5518 | D:7      | Reached *** piety under Okawaru
  5519 | D:7      | Reached skill level 8 in Shapeshifting
  6104 | D:7      | Found a runed translucent door.
  6109 | D:7      | Noticed pzskc383's ghost (novice GrFi)
  6132 | D:7      | Found a basalt altar of Yredelemnul.
  6265 | D:8      | Noticed a cyclops
  6342 | D:8      | Noticed a kobold demonologist
  6346 | D:8      | Noticed an orange demon
  6478 | D:8      | Noticed a two-headed ogre
  6504 | D:8      | Killed a two-headed ogre
  6505 | D:8      | Reached skill level 9 in Shapeshifting
  6533 | D:8      | Reached **** piety under Okawaru
  6588 | D:8      | Noticed Jeremiah
  6598 | D:8      | Killed Jeremiah
  6599 | D:8      | Reached XP level 10. HP: 82/87 MP: 7/10
  6789 | D:8      | Found an ancient bone altar of Kikubaaqudgha.
  6796 | D:8      | Reached skill level 10 in Shapeshifting
  7187 | D:8      | Killed a cyclops
  7473 | D:8      | Noticed Pikel
  7478 | D:8      | Killed Pikel
  7951 | D:8      | Found an ancient bone altar of Kikubaaqudgha.
  8390 | D:9      | Reached skill level 5 in Invocations
  8392 | D:9      | Found a staircase to the Lair.
  8494 | D:9      | Noticed Maggie
  8507 | D:9      | Killed Maggie
  8666 | D:9      | Noticed Erica
  8694 | D:9      | Killed Erica
  8694 | D:9      | Reached ***** piety under Okawaru
  8796 | D:9      | Reached XP level 11. HP: 101/101 MP: 14/14
  8813 | D:9      | Reached skill level 5 in Fighting
  9064 | D:10     | Entered Level 10 of the Dungeon
  9228 | D:10     | Noticed a two-headed ogre
  9232 | D:10     | Killed a two-headed ogre
  9290 | D:10     | Received a gift from Okawaru
  9898 | D:10     | Identified the +6 chain mail of Sinapufad {*Corrode Fly
                  | rPois Int+5}
 10274 | D:10     | Found an opulent altar of Gozag.
 10632 | D:11     | Noticed a two-headed ogre
 10638 | D:11     | Killed a two-headed ogre
 10785 | D:11     | Received a gift from Okawaru
 10920 | D:11     | Found a staircase to the Orcish Mines.
 11451 | D:12     | Reached XP level 12. HP: 122/122 MP: 15/15
 11635 | D:12     | Noticed a tengu warrior
 11646 | D:12     | Killed a tengu warrior
 11647 | D:12     | Reached skill level 5 in Dodging
 11825 | D:12     | Noticed a boulder beetle
 11836 | D:12     | Killed a boulder beetle
 11957 | D:12     | Noticed Jorgrun
 11973 | D:12     | Noticed a boulder beetle
 11983 | D:12     | Killed Jorgrun
 11993 | D:12     | Killed a boulder beetle
 12590 | Gauntlet | Identified the of Supaos
 12590 | Lair:1   | Entered Level 1 of the Lair of Beasts
 12680 | Lair:1   | Found a dark tunnel.
 12733 | Volcano  | Entered a volcano
 13052 | Volcano  | Reached XP level 13. HP: 109/128 MP: 16/16
 13091 | Volcano  | Noticed an orb of fire
 13091 | Volcano  | Noticed an orb of fire
 13152 | Volcano  | Reached skill level 10 in Dodging
 13463 | Lair:1   | Identified the +6 longbow of Aruisez {antimagic, rC+}
 14071 | Lair:1   | Received a gift from Okawaru
 14464 | Lair:2   | Found a hole to the Spider Nest.
 14683 | Lair:2   | Found a staircase to the Shoals.
 15190 | Lair:3   | Received a gift from Okawaru
 15859 | Lair:4   | Noticed Nessos
 16184 | Lair:4   | Received a gift from Okawaru
 16727 | Lair:4   | Reached skill level 11 in Shapeshifting
 16759 | Arena    | Entered the Arena
 16765 | Arena    | Killed Nessos
 16970 | Lair:4   | Reached XP level 14. HP: 137/137 MP: 19/19
 17137 | Lair:5   | Entered Level 5 of the Lair of Beasts
 17203 | Lair:4   | Received a gift from Okawaru
 18018 | Lair:5   | Reached skill level 12 in Shapeshifting
 18136 | Lair:5   | Found a staircase to the Slime Pits.
 18137 | Lair:5   | Found a viscous altar of Jiyva.
 18548 | Lair:5   | Received a gift from Okawaru
 18718 | Lair:5   | Reached skill level 13 in Shapeshifting
 19173 | Lair:5   | Received a gift from Okawaru
 19221 | Lair:5   | Reached ****** piety under Okawaru
 19222 | Lair:5   | Reached skill level 14 in Shapeshifting
 19689 | Arena    | Entered the Arena
 20333 | Orc:1    | Entered Level 1 of the Orcish Mines
 20444 | Orc:1    | Received a gift from Okawaru
 20445 | Orc:1    | Reached skill level 15 in Shapeshifting
 21642 | Orc:1    | Found Feumal's Antique Armour Shop.
 21744 | Orc:1    | Reached XP level 15. HP: 144/144 MP: 20/20
 21916 | Orc:2    | Entered Level 2 of the Orcish Mines
 22183 | Orc:2    | Found a staircase to the Elven Halls.
 22929 | Orc:2    | Found Ritsuad's Magic Scroll Emporium.
 22929 | Orc:2    | Found Mun Yke's Antique Armour Shop.
 22931 | Orc:2    | Found Ykkyapn's Distillery.
 22933 | Orc:2    | Found Exaezera's Antique Armour Shoppe.
 23139 | D:13     | Found a gate leading to a gauntlet.
 23162 | Gauntlet | Entered a Gauntlet
 23162 | Gauntlet | Found a transporter.
 23162 | Gauntlet | Found a transporter.
 23162 | Gauntlet | Found a transporter.
 23162 | Gauntlet | Found a transporter.
 23177 | Gauntlet | Found a transporter.
 23185 | Gauntlet | Found a transporter.
 23204 | Gauntlet | Found a transporter.
 23206 | Gauntlet | Found a transporter.
 23224 | Gauntlet | Found a transporter.
 23265 | Gauntlet | Found a transporter.
 23277 | Gauntlet | Found a transporter.
 23302 | Gauntlet | Found a transporter.
 23400 | Gauntlet | Reached skill level 16 in Shapeshifting
 23461 | Arena    | Entered the Arena
 23512 | Gauntlet | Identified the ring of the Philosopher {Will+ Dex+4 Slay+3}
 23523 | Gauntlet | Identified the +8 great sword of World's End {freeze, rElec
                  | Int+2}
 23589 | Gauntlet | Identified the staff of Blood {rElec rF- rN+++ Will++ Int-3
                  | Air}
 23589 | Gauntlet | Identified the +2 cloak of the Villain {rElec rN+ Slay+3}
 23805 | D:13     | Found a frozen archway.
 23815 | IceCv    | Entered an ice cave
 23845 | IceCv    | Found the +2 hood of the Assassin {Detect Stab+ Stlth++}
 23868 | IceCv    | Found a transporter.
 23876 | IceCv    | Found a transporter.
 24476 | D:13     | Noticed Urug
 24481 | D:13     | Killed Urug
 24976 | D:13     | Found a runed translucent door.
 25340 | Orc:2    | Bought a potion of lignification for 51 gold pieces
 25340 | Orc:2    | Bought a potion of ambrosia for 136 gold pieces
 25340 | Orc:2    | Bought a potion of berserk rage for 85 gold pieces
 25340 | Orc:2    | Bought a potion of might for 68 gold pieces
 25340 | Orc:2    | Bought a potion of curing for 51 gold pieces
 25340 | Orc:2    | Bought a potion of mutation for 136 gold pieces
 25343 | Orc:2    | Bought a scroll of blinking for 90 gold pieces
 25343 | Orc:2    | Bought a scroll of identify for 24 gold pieces
 25343 | Orc:2    | Bought a scroll of identify for 24 gold pieces
 25343 | Orc:2    | Bought a scroll of blinking for 90 gold pieces
 25343 | Orc:2    | Bought a scroll of identify for 24 gold pieces
 25343 | Orc:2    | Bought a scroll of identify for 24 gold pieces
 25467 | D:14     | Found a gate to the Vaults.
 25533 | D:13     | Received a gift from Okawaru
 26168 | D:14     | Found a hide-covered altar of Uskayaw.
 27017 | D:15     | Entered Level 15 of the Dungeon
 27037 | D:15     | Received a gift from Okawaru
 27121 | D:15     | Reached skill level 1 in Stealth
 27508 | D:15     | Found a runed translucent gate.
 27508 | D:15     | Found a runed translucent gate.
 27511 | D:15     | Found a runed translucent gate.
 27512 | D:15     | Noticed hitsuchi's ghost (adept AtBe)
 28059 | D:15     | Found a staircase to the Depths.
 28793 | D:7      | Killed pzskc383's ghost
 28981 | Shoals:1 | Entered Level 1 of the Shoals
 28981 | Shoals:1 | Found Feiras's Jewellery Shop.
 29039 | Shoals:1 | Reached XP level 16. HP: 153/153 MP: 15/21
 29488 | Shoals:1 | Bought the ring of the Tortoise {AC+8} for 1280 gold pieces
 29488 | Shoals:1 | Found the ring of the Tortoise {AC+8}
 29569 | Shoals:1 | Found a bloodstained altar of Trog.
 29605 | Shoals:1 | Reached skill level 15 in Unarmed Combat
 29694 | Shoals:1 | Received a gift from Okawaru
 29944 | Shoals:1 | Noticed Josephine
 29973 | Shoals:1 | Killed Josephine
 30083 | Shoals:1 | Identified the +0 kite shield of the Kodama {rN+ Str+2
                  | Int+5}
 30538 | Shoals:1 | Noticed Frances
 30545 | Shoals:1 | Killed Frances
 30951 | Shoals:2 | Received a gift from Okawaru
 30954 | Shoals:2 | Found Ynwoakh's Antique Armour Emporium.
 31102 | Shoals:2 | Found Rathu's Assorted Antiques.
 31295 | Shoals:2 | Found Hoqem's Distillery.
 31562 | Shoals:2 | Found Ynwoakh's Antique Armour Emporium.
 31685 | Shoals:2 | Found Hoqem's Distillery.
 31786 | Shoals:3 | Reached skill level 17 in Shapeshifting
 33311 | Shoals:3 | Received a gift from Okawaru
 34122 | Shoals:3 | Noticed Ilsuiw
 34131 | Shoals:3 | Killed Ilsuiw
 34178 | Shoals:3 | Reached XP level 17. HP: 162/162 MP: 22/22
 34468 | Shoals:3 | Identified the granite talisman "Lusorhiu" {Will+}
 34468 | Shoals:3 | Noticed Roxanne
 34495 | Shoals:3 | Killed Roxanne
 35109 | Shoals:4 | Entered Level 4 of the Shoals
 35251 | Shoals:4 | Reached skill level 18 in Shapeshifting
 35671 | Shoals:4 | Noticed Polyphemus
 35785 | Shoals:3 | Killed Polyphemus
 35855 | Shoals:4 | Received a gift from Okawaru
 35855 | Shoals:4 | Noticed Bai Suzhen
 35861 | Shoals:4 | Killed Bai Suzhen
 36084 | Shoals:4 | Noticed Donald
 36090 | Shoals:4 | Killed Donald
 36563 | Shoals:4 | Identified the +0 cloak "Huytam" {+Inv Dex+2}
 36646 | Shoals:4 | Got a barnacled rune of Zot
 36759 | Spider:1 | Entered Level 1 of the Spider Nest
 36852 | Lair:2   | Received a gift from Okawaru
 38983 | Spider:2 | Reached skill level 19 in Shapeshifting
 39646 | Spider:2 | Noticed Mlioglotl
 39649 | Arena    | Entered the Arena
 39651 | Arena    | Killed Mlioglotl
 40012 | Spider:2 | Received a gift from Okawaru
 41526 | Spider:3 | Noticed Asterion
 41639 | Spider:3 | Killed Asterion
 41901 | Spider:3 | Noticed Mara
 41910 | Spider:3 | Noticed Colgate's illusion
 42111 | Spider:3 | Noticed Colgate's illusion
 42278 | Spider:3 | Noticed Arachne
 42287 | Spider:3 | Killed Arachne
 42435 | Spider:3 | Reached XP level 18. HP: 174/174 MP: 23/23
 42624 | Spider:3 | Identified the serpent talisman of the Wumpus {rF+ Stlth+}
 42624 | Spider:3 | Noticed Aizul
 42628 | Spider:3 | Noticed Colgate's illusion
 42632 | Spider:3 | Killed Mara
 42642 | Spider:3 | Killed Aizul
 42808 | Spider:4 | Entered Level 4 of the Spider Nest
 42852 | Spider:3 | HP: 2/253 [wolf spider simulacrum (22)]
 43411 | Spider:4 | Noticed Louise
 43701 | Spider:4 | Received a gift from Okawaru
 44276 | Spider:3 | Killed Louise
 46719 | Spider:4 | Got a gossamer rune of Zot
 47059 | Vaults:1 | Entered Level 1 of the Vaults
 47065 | Vaults:1 | Found Poshryorr's Armour Boutique.
 47177 | Vaults:1 | Found a magical portal.
 47199 | WizLab   | Entered Lehudib's Moon Base
 47353 | WizLab   | Found a transporter.
 47353 | WizLab   | Found the +15 Maxwell's patent armour {-Cast -Tele rElec
                  | Will+ rCorr}
 47407 | WizLab   | Reached skill level 20 in Shapeshifting
 47479 | WizLab   | Received a gift from Okawaru
 47486 | WizLab   | Gained mutation: Potions are less effective at restoring
                  | your health. [a neqoxec]
 47837 | WizLab   | Gained mutation: You are clumsy. (Dex -2) [a cacodemon]
 47841 | WizLab   | Gained mutation: You are very clumsy. (Dex -4) [a
                  | cacodemon]
 47914 | Arena    | Entered the Arena
 48007 | WizLab   | Paralysed by accursed screaming for 1 turns
 48008 | WizLab   | Reached skill level 10 in Invocations
 48291 | WizLab   | Reached XP level 19. HP: 182/182 MP: 25/25
 48300 | WizLab   | Found a transporter.
 48435 | WizLab   | Identified the ring of Neosm {Drain rElec rCorr Str+6
                  | Dex-3}
 48775 | Vaults:1 | Received a gift from Okawaru
 48787 | Vaults:1 | HP: 1/273 [ironbound thunderhulk/bolt of lightning (21)]
 48787 | Vaults:1 | Slain by a vault sentinel

Illustrated notes

Levels and vault maps discovered:
D:1:      scummos_arrival_star, layout_rooms, minmay_worlds_worst_comb
D:2:      layout_rooms, basic_altar, grunt_ministairs_2,
          roderic_serpentine_path, chequers_avenue,
          ebering_dispersal_statue_hall, uniq_sigmund
D:3:      layout_basic, nicolae_qazlal_style_of_elements, okawaru_gym_becter,
          dreamdust_ecumenical_altar_hidden_monk_grotto,
          uniq_crazy_yiuf_cottage, uniq_natasha
D:4:      layout_loops_corners, fedhas_altar_3, lemuel_temple_firewalk_b,
          nicolae_ossuary_entry_false_entrances
D:5:      layout_rooms, lemuel_tele_altar, nicolae_tso_carved_into_rock,
          nicolae_stop_n_shop_2, interstate_on_off, feat_on_display
D:6:      layout_basic
D:7:      layout_basic, evilmike_ruin_ashenzari,
          yredelemnul_forgotten_temple_becter, ebering_ghost_reflecting_pool
D:8:      layout_gridville, amcnicky_altar_gilded, uniq_pikel, uniq_jeremiah
D:9:      layout_roguey, due_lair_maze_entry_diamond, uniq_erica, uniq_maggie
D:10:     layout_roguey [special_room_bee], mainiacjoe_overflow_surrounded_room,
          chequers_decorated_corner
D:11:     minmay_inner_zag, layout_small_grid
D:12:     layout_stronghold, uniq_jorgrun
D:13:     layout_roguey, portal_ice_cave_rime, gauntlet_entry_generic,
          minivault_13, uniq_urug
D:14:     layout_cave_pods, david_vaults_3, nicolae_uskayaw_dance_hall
D:15:     hellmonk_depths_entry_around_the_bend, layout_loops_corners,
          gammafunk_ghost_spectres, serial_aquarium, aquarium_bridge_square
          [aquarium_subvault_bridge, aquarium_subvault_bridge,
          aquarium_subvault_window, aquarium_subvault_wall], aquarium_window_2,
          aquarium_window_corridor_3, aquarium_window_fake, aquarium_view_2d
Temple:   hellmonk_temple_forest_ring
Lair:1:   layout_chaotic_city, enter_volcano_4, nicolae_quartered_pool_little,
          chequers_serial_rivers_room_b, grunt_megastairs_1
Lair:2:   layout_loops_ring, shoals_dummy_entry, spider_nest_entry_funnel_web,
          serial_bayou_shore_b, grunt_megastairs_2
Lair:3:   layout_gridlike, minivault_27
Lair:4:   layout_gridlike, grunt_megastairs_5, uniq_nessos
Lair:5:   hangedman_lair_caniforms_friends, layout_long_grid,
          hangedman_lair_tendril_chambers, slime_entry_1
Shoals:1: cheibrodos_shoals_baths, layout_shoals, serial_shops,
          nicolae_square_shop, lemuel_altar_in_water, nicolae_shoals_gull_way,
          uniq_frances, uniq_josephine
Shoals:2: layout_shoals, serial_shops, nicolae_diamond_shop,
          nicolae_shop_peninsula, shop
Shoals:3: cheibrodos_shoals_satyrical_garden, layout_shoals,
          nicolae_shoals_goliath_grotto, uniq_roxanne, uniq_ilsuiw
Shoals:4: shoals_end_hangedman, layout_shoals, uniq_bai_suzhen, uniq_donald,
          uniq_polyphemus
Spider:1: layout_chambers
Spider:2: layout_spider_delve, uniq_mlioglotl
Spider:3: layout_spider_delve, nicolae_spider_nooks_and_crannies, uniq_aizul,
          uniq_arachne, uniq_asterion, uniq_mara
Spider:4: hellmonk_spider_rune_bug_friends, uniq_louise
Orc:1:    layout_caves, guppyfry_orc_lava_fort
Orc:2:    st_orc_rangers, layout_caves, special_room
Vaults:1: infiniplex_enter_wizlab_spiral, nicolae_vaults_c_with_doors,
          hangedman_vaults_variations, vaults_room_grunt_arrival_ludios,
          nicolae_vaults_tetromino_L_1, vaults_mumra_chevron_long,
          hangedman_vaults_stagger, nicolae_vaults_meiosis,
          nicolae_vaults_little_ls, nicolae_vaults_rhombus_5,
          nicolae_vaults_trapezoid_1, v_pattern_2, layout_vaults_maze_snakey,
          serial_shops, nicolae_square_shop, shop, shop, nicolae_shop_trees,
          nicolae_shop_just_a_little_nook

Skill      XL: |  1  2  3  4  5  6  7  8  9 10 11 12 13 14 15 16 17 18 19 |
---------------+----------------------------------------------------------+-----
Unarmed Combat | 4 6 8 9 10 11 14 16 17 19 | 19.0
Fighting       | 1 4 8 9 |  9.6
Invocations    | 1 6 9 10 11 | 11.3
Evocations     | 1 2 3 |  3.0
Shapeshifting  | 6 9 10 11 15 16 17 19 20 | 20.0
Dodging        | 4 9 11 | 11.2
Stealth        | 1 2 |  2.0

Action                     |  1- 3 |  4- 6 |  7- 9 | 10-12 | 13-15 | 16-18 | 19-21 || total
---------------------------+-------+-------+-------+-------+-------+-------+-------++-------
  Melee: Unarmed           |    55 |    96 |   266 |   429 |  1159 |   765 |    39 ||  2809
         Punch             |       |     5 |     3 |       |    21 |    83 |     3 ||   115
         Constrict         |       |       |       |    79 |   157 |       |       ||   236
         Bite              |       |       |       |       |    46 |    81 |     1 ||   128
         Tailslap          |       |       |       |       |    55 |   119 |     6 ||   180
 Invoke: Heroism           |       |       |     3 |    15 |    10 |     7 |       ||    35
         Finesse           |       |       |       |     4 |     1 |     5 |       ||    10
         Duel              |       |       |       |       |     3 |     2 |       ||     5
Ability: Breathe Fire      |       |       |       |       |    49 |   152 |     1 ||   202
         Begin Untransform |       |       |       |       |     1 |       |       ||     1
  Evoke: Wand              |       |       |     6 |       |       |     8 |       ||    14
         Lightning rod     |       |       |       |       |       |     2 |       ||     2
         Condenser vane    |       |       |       |       |       |     1 |     1 ||     2
    Use: Scroll            |       |     1 |    11 |     8 |     7 |     2 |     1 ||    30
         Potion            |       |       |     3 |     1 |       |     4 |       ||     8
   Stab: Sleeping          |     2 |     1 |       |       |       |     2 |       ||     5
         Paralysed         |       |       |     5 |       |       |       |       ||     5
 Armour: Animal skin       |    29 |    25 |   109 |       |       |       |       ||   163
         Skin              |       |       |       |   232 |   897 |  1185 |    23 ||  2337
  Dodge: Dodged            |    20 |    50 |   184 |   223 |  1051 |   586 |     4 ||  2118
   Form: Flux              |       |       |     1 |       |       |       |       ||     1
         Anaconda          |       |       |       |     1 |     1 |       |       ||     2
         Dragon            |       |       |       |       |     2 |       |       ||     2

Table legend: (Time is in decaauts)
 A = Elapsed time spent in this place.
 B = Non-inter-level travel time spent in this place.
 C = Inter-level travel time spent in this place.
 D = Time resting spent in this place.
 E = Time spent auto-exploring this place.
 F = Levels seen in this place.
 G = Mean time per level.
                   A        B        C        D        E       F      G
               +--------+--------+--------+--------+--------+-----+--------+
         Total |  48330 |  44987 |   3343 |  11338 |  24585 |  42 | 1150.7 |
       Dungeon |  18678 |  16352 |   2326 |    972 |  12345 |  15 | 1245.2 |
        Temple |      1 |      1 |      0 |      0 |      0 |   1 |    1.0 |
          Lair |   7326 |   6863 |    463 |    629 |   4550 |   5 | 1465.2 |
        Shoals |   7476 |   7331 |    145 |   3297 |   2288 |   4 | 1869.0 |
   Spider Nest |   9989 |   9708 |    281 |   5502 |   3017 |   4 | 2497.2 |
  Orcish Mines |   1738 |   1611 |    127 |    321 |    824 |   2 |  869.0 |
        Vaults |    196 |    196 |      0 |     39 |     37 |   1 |  196.0 |
       Ossuary |    110 |    110 |      0 |      0 |     50 |   1 |  110.0 |
      Ice Cave |    179 |    179 |      0 |     62 |     29 |   1 |  179.0 |
       Volcano |    563 |    563 |      0 |    134 |    313 |   1 |  563.0 |
        Wizlab |   1458 |   1458 |      0 |    326 |    795 |   1 | 1458.0 |
      Gauntlet |    535 |    535 |      0 |     22 |    337 |   1 |  535.0 |
         Arena |     75 |     75 |      0 |     32 |      0 |   5 |   15.0 |
               +--------+--------+--------+--------+--------+-----+--------+

Top non-repeatable levels by time:
Spider:3: 3562 daAuts
Shoals:3: 2604 daAuts
  Lair:5: 2227 daAuts
Spider:1: 2201 daAuts
Spider:4: 2139 daAuts
    D:11: 2137 daAuts
Spider:2: 2086 daAuts
Shoals:2: 2083 daAuts
     D:8: 1985 daAuts
  Lair:4: 1951 daAuts
    D:13: 1773 daAuts
    D:15: 1503 daAuts
  WizLab: 1458 daAuts
    D:10: 1442 daAuts
     D:7: 1442 daAuts
